 Dungeon Crawl Stone Soup version 0.27.1-3-gb3d3a73c9e (webtiles) character file.

Game seed: 9519013516669377999

4183 pkoi the Grappler (level 10, -11/71 HPs)
             Began as a Black Draconian Transmuter on Oct 26, 2021.
             Was a Priest of Cheibriados.
             Mangled by Harold (16 damage)
             ... on level 7 of the Dungeon.
             The game lasted 00:14:31 (9463 turns).

pkoi the Grappler (Black Draconian Transmuter)      Turns: 9463, Time: 00:14:32

Health: -11/71     AC:  2    Str: 22    XL:     10   Next: 8%
Magic:  14/16      EV: 24    Int: 24    God:    Cheibriados [***...]
Gold:   334        SH:  0    Dex: 24    Spells: 9/17 levels left

rFire    . . .     SeeInvis .     - Unarmed
rCold    . . .     Faith    .   (shield currently unavailable)
rNeg     . . .     Spirit   .   (armour unavailable)
rPois    x         Reflect  .   (helmet currently unavailable)
rElec    .         Harm     .   (cloak currently unavailable)
rCorr    .         Rampage  .   (gloves currently unavailable)
Will     .....                  (boots currently unavailable)
Stlth    ++........             c - amulet of regeneration
HPRegen  1.21/turn              j - +4 ring of slaying
MPRegen  0.15/turn              (no ring)

@: spider-form, marked, very slow
A: venomous fangs, (breathe lightning), AC +7, tiny, unfitting armour,
(electricity resistance), (cold-blooded)
a: End Transformation, Renounce Religion, Bend Time, Temporal Distortion


You were on level 7 of the Dungeon.
You worshipped Cheibriados.
Cheibriados was most pleased with you.
You were a venomous arachnid creature.
You visited 2 branches of the dungeon, and saw 9 of its levels.
You also visited: Sewer.

You collected 414 gold pieces.
You spent 80 gold pieces at shops.

Inventory:

Hand Weapons
 d - the +8 spear of Baofraxo {drain, Int+5 SInv}
   (You found it on level 4 of the Dungeon)

   A truly terrible weapon, it drains the life of any living foe it strikes.
   Int:       It affects your intelligence (+5).
   SInv:      It lets you see invisible.
Missiles
 g - 3 curare-tipped darts
 p - 39 poisoned darts
 t - a throwing net
Armour
 o - a +0 pair of gloves (melded)
 q - a +2 cloak (melded)
 s - a +0 pair of boots
Jewellery
 c - an amulet of regeneration (around neck)
 i - an amulet of guardian spirit
 j - a +4 ring of slaying (left front leg)
 r - a ring of ice
Wands
 n - a wand of paralysis (5)
Scrolls
 b - a scroll of torment {unknown}
 f - 3 scrolls of identify
 k - a scroll of blinking
 l - a scroll of teleportation
Potions
 a - a potion of degeneration {unknown}
 e - a potion of might
 h - a potion of invisibility
 m - a potion of mutation


   Skills:
 - Level 1.1 Fighting
 + Level 4.8 Dodging
 + Level 9.1 Unarmed Combat
 - Level 4.0 Spellcasting
 + Level 7.1 Transmutations
 - Level 3.0 Ice Magic
 - Level 4.0 Poison Magic
 + Level 5.2 Invocations


You had 9 spell levels left.
You knew the following spells:

 Your Spells              Type           Power      Damage    Failure   Level
a - Beastly Appendage     Tmut           78%        N/A       3%          1
b - Spider Form           Tmut/Pois      15%        N/A       11%         3
c - Ice Form              Ice/Tmut       29%        N/A       28%         4

Your spell library contained the following spells:

 Spells                   Type           Power      Damage    Failure   Level
 Wereblood                Tmut           39%        N/A       4%          2
 Animate Dead             Necr           2%         N/A       85%         4
 Summon Forest            Summ/Tloc      2%         N/A       99%         5
 Summon Mana Viper        Hex/Summ       4%         N/A       99%         5
 Conjure Ball Lightning   Conj/Air       2%         3x3d6     100%        6
 Shadow Creatures         Summ           N/A        N/A       100%        6
 Haunt                    Necr/Summ      2%         N/A       100%        7
 Discord                  Hex            2%         N/A       100%        8
 Disjunction              Tloc           2%         N/A       100%        8
 Infestation              Necr           2%         N/A       100%        8


Dungeon Overview and Level Annotations

Branches:
Dungeon (8/15)             Temple (1/1) D:5            Lair (0/6) D:8
  Sewer (visited)

Altars:
Ashenzari
Cheibriados
Dithmenos
Elyvilon
Fedhas
Gozag
Hepliaklqana
Kikubaaqudgha
Makhleb
Nemelex Xobeh
Okawaru
Qazlal
Ru
Sif Muna
Trog
Uskayaw
Vehumet
Wu Jian
Yredelemnul
Zin
The Shining One

Shops:
D:6 *

Annotations:
D:7 Harold


Innate Abilities, Weirdness & Mutations

You are a venomous arachnid creature.
You have poisonous fangs.
You are tiny and dextrous.
Your spellcasting is less reliable in this form.
Your armour is entirely melded.
You are incapable of wielding weapons or throwing items.
((You can breathe wild blasts of lightning.))
((Your glossy black scales are hard. (AC +7)))
You cannot fit into any form of body armour.
((You are resistant to electric shocks. (rElec)))
((You are cold-blooded and may be slowed by cold attacks.))


Message History

The helpless Harold fails to defend himself.
You punch Harold! You tail-slap Harold.
Harold is lightly wounded.
Harold hits you with a +5 vorpal flail!
You punch Harold! You tail-slap Harold.
Harold is moderately wounded.
Harold hits you with a +5 vorpal flail.
Casting: Spider Form (dangerous; 3% risk of failure)
Confirm with . or Enter, or press ? or * to list all spells.
You turn into a venomous arachnid creature.
Your +2 cloak melds into your body.
Your +0 pair of gloves melds into your body.
Harold hits you with a +5 vorpal flail!!
You bite Harold!
Harold is moderately wounded.
Harold hits you with a +5 vorpal flail!
* * * LOW HITPOINT WARNING * * *
x2 You bite Harold!
Harold is heavily wounded.
You hit Harold.
Harold is severely wounded.
Harold hits you with a +5 vorpal flail!!
* * * LOW HITPOINT WARNING * * *
x2 Unknown command.
You hit Harold.
Harold is severely wounded.
Harold completely misses you.
You hit Harold.
Harold is severely wounded.
Harold gestures at you while chanting. A sentinel's mark forms upon you.
Unknown command.
You hit Harold.
Harold is poisoned.
Harold is severely wounded.
Harold hits you with a +5 vorpal flail!
* * * LOW HITPOINT WARNING * * *
x2 You hit Harold.
Harold looks as sick as possible!
Harold is almost dead.
Harold hits you with a +5 vorpal flail!
You die...

#.# ######## #.#
#......# #.# .....
#......# #.# ....
#......####.###....
#...>..............
####.##.###.#####.##
########.##.# #....##.#.
......@s.##.######.##.#)
........................
.........##......####...
.........###........#...
.........# .........#...
.........# [..(.......##
PP≈P..#### #P...........
.≈≈≈≈. ..≈.....#####
P#...


You could see Harold (extremely poisoned).

Vanquished Creatures
  A komodo dragon (D:8)
  Sigmund (D:2)
  3 yaks (D:8)
  Edmund (D:6)
  Menkaure (D:5)
  3 water moccasins
  An orc warrior (D:6)
  A hornet zombie (D:8)
  An ogre (D:5)
  2 black bears (D:7)
  A sky beast (D:8)
  A phantom (D:4)
  5 kobold brigands (Sewer)
  5 bullfrogs
  2 scorpions
  3 killer bees (D:7)
  2 howler monkeys (D:6)
  3 wights (D:7)
  2 bullfrog zombies
  A centaur zombie (D:6)
  2 jellies
  2 hounds (D:6)
  A gnoll shaman (D:5)
  2 orc priests
  A scorpion zombie (D:5)
  5 iguanas
  3 orc wizards
  13 gnolls
  14 adders
  10 river rats
  A white imp (D:6)
  An adder skeleton (D:4)
  5 worms
  A dart slug (D:2)
  32 orcs
  11 ball pythons
  5 bats
  9 endoplasms
  4 giant cockroaches
  4 hobgoblins
  9 quokkas
  3 frilled lizards
  3 goblins
  8 kobolds
  33 rats
222 creatures vanquished.

Vanquished Creatures (others)
  25 fungi (D:8)
  20 plants (D:8)
45 creatures vanquished.

Grand Total: 267 creatures vanquished

Notes
Turn   | Place    | Note
-------+----------+-------------------------------------------
     0 | D:1      | pkoi the Draconian Transmuter began the quest for the Orb.
     0 | D:1      | Reached XP level 1. HP: 16/16 MP: 3/3
   565 | D:1      | Reached XP level 2. HP: 14/23 MP: 5/5
  1660 | D:2      | Reached XP level 3. HP: 28/28 MP: 6/6
  1734 | D:2      | Noticed Sigmund
  1788 | D:1      | Reached skill level 4 in Unarmed Combat
  2243 | D:2      | Found a white marble altar of Elyvilon.
  2464 | D:3      | Learned a level 3 spell: Spider Form
  2492 | D:2      | Reached XP level 4. HP: 18/35 MP: 3/7
  2850 | D:2      | Killed Sigmund
  2851 | D:2      | Reached skill level 5 in Unarmed Combat
  2851 | D:2      | Reached XP level 5. HP: 32/40 MP: 5/8
  2935 | D:2      | Reached XP level 6. HP: 23/45 MP: 7/9
  3282 | D:3      | HP: 2/46 [gnoll (3)]
  3630 | D:3      | Found a faded altar of an unknown god.
  4413 | D:4      | Learned a level 4 spell: Ice Form
  4869 | D:4      | Reached skill level 6 in Unarmed Combat
  4889 | D:4      | Reached skill level 1 in Ice Magic
  4893 | D:4      | Identified the +8 spear of Baofraxo {drain, Int+5 SInv}
  5022 | D:4      | Found a glowing drain.
  5029 | Sewer    | Entered a sewer
  5089 | Sewer    | Your scales start taking on a glossy black colour.
  5089 | Sewer    | Reached XP level 7. HP: 52/52 MP: 10/10
  5089 | Sewer    | Gained mutation: You are resistant to electric shocks.
                  | (rElec) [Black Draconian growth]
  5933 | Sewer    | Reached skill level 7 in Unarmed Combat
  6486 | D:4      | Reached XP level 8. HP: 59/59 MP: 11/11
  6698 | D:5      | Entered Level 5 of the Dungeon
  6707 | D:5      | Found an ornate altar of the Wu Jian Council.
  6707 | D:5      | Noticed Menkaure
  6723 | D:5      | Killed Menkaure
  6951 | D:5      | Identified a scroll of acquirement
  6951 | D:5      | Acquired a +4 ring of slaying
  6965 | D:5      | Found a staircase to the Ecumenical Temple.
  6970 | D:5      | Reached skill level 5 in Transmutations
  6998 | Temple   | Entered the Ecumenical Temple
  7219 | D:5      | Found a snail-covered altar of Cheibriados.
  7225 | D:5      | Found a broken altar of Ashenzari.
  7247 | D:5      | Became a worshipper of Cheibriados the Contemplative
  7256 | D:5      | Found a blossoming altar of Fedhas.
  7338 | D:5      | Found an ancient bone altar of Kikubaaqudgha.
  7431 | D:5      | Reached skill level 1 in Invocations
  7728 | D:5      | Reached * piety under Cheibriados
  7914 | D:6      | Reached skill level 8 in Unarmed Combat
  7925 | D:6      | Reached ** piety under Cheibriados
  8099 | D:6      | Noticed Edmund
  8112 | D:6      | Killed Edmund
  8149 | D:6      | Reached XP level 9. HP: 64/64 MP: 12/12
  8156 | D:6      | You fall into a shaft and drop 2 floors!
  8156 | D:8      | Noticed a komodo dragon
  8251 | D:8      | HP: 1/64 [komodo dragon (12)]
  8257 | D:8      | HP: 1/64 [komodo dragon (11)]
  8258 | D:8      | Killed a komodo dragon
  8391 | D:6      | Reached *** piety under Cheibriados
  8407 | D:6      | Reached skill level 9 in Unarmed Combat
  8667 | D:6      | Found Qabuth's General Store.
  8675 | D:6      | Bought a potion of mutation for 80 gold pieces
  8997 | D:6      | Reached skill level 5 in Invocations
  9218 | D:7      | Found a radiant altar of Vehumet.
  9268 | D:7      | Reached XP level 10. HP: 71/71 MP: 15/15
  9309 | D:8      | Found a staircase to the Lair.
  9334 | D:7      | Found a hide-covered altar of Uskayaw.
  9452 | D:7      | Noticed Harold
  9463 | D:7      | Mangled by Harold

Illustrated notes

Levels and vault maps discovered:
D:1:      nagdon_arrival_zigzag_paths, layout_basic
D:2:      layout_basic, basic_altar, kennysheep_decorative_pillar,
          minmay_heptomino_d4, uniq_sigmund
D:3:      layout_basic, hellmonk_ecumenical_altar_arch_garden
D:4:      layout_rooms, lightli_sewer_entry_pipes, hangedman_decor_lopped,
          minmay_crystal_water
D:5:      layout_loops_ring, mainiacjoe_overflow_boulevard,
          nicolae_wu_jian_wuxing_cycle, minmay_overflow_temple_star_quad,
          minmay_temple_entry_junction_2, uniq_menkaure
D:6:      lemuel_ratsnest, layout_basic, serial_shops,
          nicolae_shop_behind_doors, st_stairs_10, uniq_edmund
D:7:      layout_basic, mainiacjoe_overflow_six_doors_small,
          fiery_altar_vehumet, serial_bayou_lagoon_a, uniq_harold
D:8:      layout_basic, due_lair_maze_entry_diamond, gammafunk_ghost_arena,
          lightli_orcish_oven
Temple:   zaba_magenta_temple

Skill      XL: |  1  2  3  4  5  6  7  8  9 10 |
---------------+-------------------------------+-----
Unarmed Combat | 4 5 6 7 8 9 |  9.1
Transmutations | 3 4 5 7 |  7.1
Poison Magic   | 2 3 4 |  4.0
Ice Magic      | 1 2 3 |  3.0
Dodging        | 3 4 |  4.8
Invocations    | 3 5 |  5.2
Spellcasting   | 3 4 |  4.0
Fighting       | |  1.1

Action                   |  1- 3 |  4- 6 |  7- 9 | 10-12 || total
-------------------------+-------+-------+-------+-------++-------
Melee: Unarmed           |   142 |   202 |   105 |    37 ||   486
       Tailslap          |    20 |    23 |    39 |     8 ||    90
       Kick              |     6 |     7 |       |       ||    13
       Punch             |     2 |     3 |    12 |     1 ||    18
       Headbutt          |     2 |     1 |       |       ||     3
       Spear             |       |    11 |   257 |       ||   268
 Cast: Beastly Appendage |     2 |     5 |       |       ||     7
       Spider Form       |     1 |     2 |     1 |     1 ||     5
 Abil: Breathe Lightning |       |       |     1 |       ||     1
  Use: Scroll            |       |     8 |     4 |       ||    12
       Potion            |       |       |     5 |       ||     5
 Stab: Sleeping          |       |       |     1 |     2 ||     3
       Distracted        |       |       |       |     1 ||     1
Armor: Skin              |    38 |    75 |   127 |    14 ||   254
Dodge: Dodged            |    91 |   158 |   199 |    23 ||   471
